[ AOE2 MATCH · #504917181 ]
UnrankedPortuguese vs Chinese
Player's team · WIN
Rival team · LOSS
[ REPLAY ANALYSIS · EXTRACTED FROM THE RECORDED GAME ]
Feudal
10:51
Castle
14:53
Imperial
38:47
| APM avg | 52.7 |
| APM peak | 113 |
| eAPM avg | 23.0 |
| Villagers / military | 85 / 63 |
Focus
⚔️ 52.2% · 🌾 47.8%
Organ Gun ×42 · Monk ×17 · Bombard Cannon ×3 · Trebuchet (Packed) ×1
Feudal
8:35
Castle
20:13
Imperial
33:31
| APM avg | 64.5 |
| APM peak | 122 |
| eAPM avg | 29.9 |
| Villagers / military | 93 / 69 |
Focus
⚔️ 47.9% · 🌾 52.1%
Chu Ko Nu ×50 · Iron Pagoda ×6 · Battering Ram ×5 · Trebuchet (Packed) ×5 · Scout Cavalry ×3
Match map
Initial resources + every placement click. Lines = walls · curves = elevation contours. ◆ gold · ⬟ stone · ● berries · ✦ relic · ◌ wall gap
Your base· Open — 1t gap
Chavah's base· Open — unwalled flank
Smoothed initial terrain · ◌ = detected wall gap · hover for details
Inputs per minute
— RedPhosphoru - - Chavah
Build order — RedPhosphoru
First 150 of 279 actions detected
| 0:00 | Create | Villager (Male) |
| 0:00 | Create | Villager (Male) |
| 0:02 | Build | House |
| 0:03 | Build | House |
| 0:18 | Create | Villager (Male) |
| 0:26 | Create | Villager (Male) |
| 1:19 | Create | Villager (Male) |
| 2:00 | Create | Villager (Male) |
| 2:16 | Create | Villager (Male) |
| 2:19 | Build | Lumber Camp |
| 2:33 | Create | Villager (Male) |
| 2:46 | Build | House |
| 2:47 | Build | House |
| 2:49 | Create | Villager (Male) |
| 3:14 | Create | Villager (Male) |
| 3:46 | Create | Villager (Male) |
| 3:50 | Build | Palisade Wall |
| 3:54 | Create | Villager (Male) |
| 4:09 | Create | Villager (Male) |
| 4:19 | Build | Palisade Wall |
| 4:30 | Create | Villager (Male) |
| 5:31 | Build | Mill |
| 5:35 | Create | Villager (Male) |
| 5:50 | Create | Villager (Male) |
| 6:26 | Create | Villager (Male) |
| 6:26 | Create | Villager (Male) |
| 6:55 | Create | Villager (Male) |
| 7:13 | Build | Palisade Wall |
| 7:18 | Build | Palisade Wall |
| 7:18 | Build | Palisade Wall |
| 7:21 | Build | Palisade Wall |
| 7:34 | Build | Farm |
| 7:36 | Build | Farm |
| 7:40 | Create | Villager (Male) |
| 7:42 | Research | Loom |
| 8:01 | Build | Mining Camp |
| 8:34 | Research | Feudal Age |
| 8:55 | Build | Farm |
| 9:16 | Create | Villager (Male) |
| 9:17 | Create | Villager (Male) |
| 10:23 | Build | House |
| 10:43 | Create | Villager (Male) |
| 10:46 | Build | Palisade Wall |
| 10:48 | Build | Palisade Wall |
| 10:51 | Age | Feudal Age |
| 11:08 | Build | Market |
| 11:14 | Build | Blacksmith |
| 11:17 | Build | Palisade Wall |
| 11:22 | Build | House |
| 11:25 | Build | Palisade Wall |
| 11:28 | Build | Palisade Wall |
| 11:31 | Create | Villager (Male) |
| 11:33 | Build | Palisade Wall |
| 11:37 | Build | Palisade Wall |
| 12:13 | Research | Castle Age |
| 12:20 | Build | House |
| 12:23 | Build | Palisade Wall |
| 12:31 | Build | Palisade Wall |
| 12:35 | Build | Palisade Wall |
| 12:37 | Build | Palisade Wall |
| 12:38 | Build | Palisade Wall |
| 12:39 | Build | Palisade Wall |
| 12:41 | Build | Palisade Wall |
| 12:43 | Build | Palisade Wall |
| 12:47 | Build | Palisade Wall |
| 12:49 | Build | Palisade Wall |
| 12:50 | Build | Palisade Wall |
| 12:54 | Build | Palisade Wall |
| 12:57 | Build | Palisade Wall |
| 13:03 | Build | Palisade Wall |
| 13:16 | Create | Villager (Male) |
| 13:37 | Build | Farm |
| 13:52 | Build | Palisade Wall |
| 14:08 | Create | Villager (Male) |
| 14:26 | Build | Farm |
| 14:36 | Create | Villager (Male) |
| 14:53 | Age | Castle Age |
| 15:00 | Build | Castle |
| 15:16 | Research | Fletching |
| 15:40 | Build | Farm |
| 15:49 | Create | Organ Gun |
| 15:50 | Create | Organ Gun |
| 15:52 | Create | Villager (Male) |
| 16:22 | Create | Villager (Male) |
| 16:38 | Create | Organ Gun |
| 16:38 | Create | Organ Gun |
| 16:41 | Create | Villager (Male) |
| 16:54 | Build | Lumber Camp |
| 17:12 | Create | Villager (Male) |
| 17:45 | Create | Villager (Male) |
| 17:51 | Create | Organ Gun |
| 18:02 | Create | Organ Gun |
| 18:08 | Build | Mining Camp |
| 18:09 | Create | Villager (Male) |
| 18:23 | Build | Palisade Wall |
| 18:28 | Build | Palisade Wall |
| 18:30 | Create | Organ Gun |
| 18:31 | Create | Villager (Male) |
| 18:55 | Create | Organ Gun |
| 18:55 | Create | Organ Gun |
| 19:03 | Build | Farm |
| 19:06 | Create | Villager (Male) |
| 19:25 | Create | Organ Gun |
| 19:33 | Create | Villager (Male) |
| 19:48 | Create | Organ Gun |
| 20:04 | Create | Villager (Male) |
| 20:13 | Create | Organ Gun |
| 20:24 | Build | Monastery |
| 20:28 | Create | Organ Gun |
| 20:37 | Create | Villager (Male) |
| 20:41 | Create | Organ Gun |
| 20:56 | Create | Villager (Male) |
| 21:05 | Create | Organ Gun |
| 21:16 | Create | Villager (Male) |
| 21:27 | Build | Mining Camp |
| 21:33 | Build | Farm |
| 21:48 | Create | Villager (Male) |
| 21:56 | Create | Organ Gun |
| 22:09 | Create | Villager (Male) |
| 22:11 | Create | Organ Gun |
| 22:31 | Create | Villager (Male) |
| 22:46 | Create | Monk |
| 22:59 | Build | Monastery |
| 23:01 | Create | Villager (Male) |
| 23:18 | Create | Villager (Male) |
| 23:21 | Build | House |
| 23:22 | Build | House |
| 23:51 | Research | Redemption |
| 23:52 | Create | Villager (Male) |
| 23:59 | Build | House |
| 24:02 | Research | Sanctity |
| 24:19 | Create | Organ Gun |
| 24:20 | Create | Villager (Male) |
| 24:33 | Create | Organ Gun |
| 24:34 | Create | Villager (Male) |
| 24:37 | Build | House |
| 24:43 | Create | Monk |
| 24:50 | Create | Villager (Male) |
| 24:55 | Research | Fervor |
| 25:08 | Create | Villager (Male) |
| 25:47 | Create | Monk |
| 26:02 | Build | Castle |
| 26:11 | Create | Monk |
| 26:24 | Create | Monk |
| 26:30 | Create | Villager (Male) |
| 26:31 | Build | Monastery |
| 26:46 | Research | Bodkin Arrow |
| 27:14 | Create | Monk |
| 27:23 | Build | Lumber Camp |
| 27:25 | Create | Villager (Male) |
Build order — Chavah
First 150 of 293 actions detected
| 0:00 | Research | Loom |
| 0:47 | Create | Villager (Male) |
| 1:13 | Create | Villager (Male) |
| 1:48 | Create | Villager (Male) |
| 1:56 | Build | Lumber Camp |
| 2:15 | Create | Villager (Male) |
| 2:37 | Create | Villager (Male) |
| 2:53 | Create | Villager (Male) |
| 3:12 | Create | Villager (Male) |
| 3:32 | Build | House |
| 3:36 | Create | Villager (Male) |
| 4:08 | Create | Villager (Male) |
| 4:08 | Create | Villager (Male) |
| 4:10 | Create | Villager (Male) |
| 5:01 | Build | Mill |
| 5:04 | Create | Villager (Male) |
| 5:04 | Create | Villager (Male) |
| 5:55 | Create | Villager (Male) |
| 6:19 | Research | Feudal Age |
| 6:20 | Research | Feudal Age |
| 7:41 | Build | Barracks |
| 7:42 | Build | House |
| 8:21 | Create | Villager (Male) |
| 8:35 | Age | Feudal Age |
| 8:36 | Build | Stable |
| 8:53 | Create | Villager (Male) |
| 9:01 | Research | Double-Bit Axe |
| 9:10 | Build | House |
| 9:15 | Create | Villager (Male) |
| 9:19 | Create | Scout Cavalry |
| 9:19 | Create | Scout Cavalry |
| 9:26 | Build | Watch Tower |
| 9:27 | Create | Scout Cavalry |
| 9:30 | Create | Villager (Male) |
| 9:52 | Create | Villager (Male) |
| 10:09 | Create | Villager (Male) |
| 10:11 | Build | Mining Camp |
| 10:20 | Build | House |
| 10:45 | Create | Villager (Male) |
| 10:48 | Build | Farm |
| 10:50 | Build | Farm |
| 11:19 | Create | Villager (Male) |
| 11:30 | Build | Farm |
| 11:44 | Create | Villager (Male) |
| 11:57 | Build | Farm |
| 11:59 | Build | Farm |
| 12:08 | Build | Watch Tower |
| 12:16 | Create | Villager (Male) |
| 12:18 | Build | House |
| 12:27 | Build | Palisade Wall |
| 12:29 | Build | Palisade Wall |
| 12:30 | Build | Palisade Wall |
| 12:30 | Build | Palisade Wall |
| 12:31 | Build | Palisade Wall |
| 12:31 | Build | Palisade Wall |
| 12:33 | Build | Palisade Wall |
| 12:33 | Build | Palisade Wall |
| 12:33 | Build | Palisade Wall |
| 12:33 | Build | Palisade Wall |
| 12:34 | Build | Palisade Wall |
| 12:34 | Build | Palisade Wall |
| 12:39 | Create | Villager (Male) |
| 12:47 | Build | Farm |
| 12:51 | Build | Watch Tower |
| 12:54 | Create | Villager (Male) |
| 13:01 | Build | Farm |
| 13:09 | Build | Farm |
| 13:16 | Create | Villager (Male) |
| 13:22 | Build | Farm |
| 13:29 | Create | Villager (Male) |
| 13:45 | Create | Villager (Male) |
| 13:45 | Create | Villager (Male) |
| 13:50 | Build | Farm |
| 14:02 | Create | Villager (Male) |
| 14:13 | Create | Villager (Male) |
| 14:20 | Build | Mining Camp |
| 14:32 | Create | Villager (Male) |
| 14:35 | Build | House |
| 14:40 | Create | Villager (Male) |
| 14:47 | Build | Lumber Camp |
| 14:58 | Create | Villager (Male) |
| 15:33 | Build | Farm |
| 15:45 | Build | Blacksmith |
| 15:58 | Build | Watch Tower |
| 16:01 | Create | Villager (Male) |
| 16:26 | Build | Farm |
| 16:29 | Build | Watch Tower |
| 17:00 | Build | Stone Wall |
| 17:01 | Build | Stone Wall |
| 17:28 | Build | Watch Tower |
| 17:33 | Research | Castle Age |
| 17:34 | Research | Castle Age |
| 17:47 | Build | Stone Wall |
| 17:48 | Build | Stone Wall |
| 17:59 | Build | Watch Tower |
| 18:17 | Research | Gold Mining |
| 18:18 | Research | Gold Mining |
| 18:19 | Research | Horse Collar |
| 18:19 | Research | Horse Collar |
| 18:37 | Research | Fletching |
| 18:37 | Research | Fletching |
| 19:40 | Create | Villager (Male) |
| 20:13 | Age | Castle Age |
| 20:14 | Build | Siege Workshop |
| 20:16 | Research | Bodkin Arrow |
| 20:19 | Build | University |
| 20:42 | Create | Iron Pagoda |
| 20:42 | Create | Iron Pagoda |
| 20:42 | Create | Iron Pagoda |
| 20:42 | Create | Iron Pagoda |
| 20:50 | Create | Villager (Male) |
| 20:58 | Create | Villager (Male) |
| 21:19 | Research | Guard Tower (upgrade) |
| 21:19 | Research | Guard Tower (upgrade) |
| 21:24 | Create | Villager (Male) |
| 21:35 | Build | House |
| 21:50 | Create | Villager (Male) |
| 21:50 | Create | Villager (Male) |
| 21:54 | Build | Watch Tower |
| 21:56 | Build | Lumber Camp |
| 22:11 | Create | Villager (Male) |
| 22:19 | Create | Villager (Male) |
| 22:32 | Create | Villager (Male) |
| 22:43 | Create | Iron Pagoda |
| 22:43 | Create | Iron Pagoda |
| 22:48 | Create | Villager (Male) |
| 22:48 | Create | Villager (Male) |
| 22:56 | Create | Villager (Male) |
| 23:03 | Build | Watch Tower |
| 23:17 | Create | Villager (Male) |
| 23:24 | Research | Bow Saw |
| 23:28 | Build | House |
| 23:45 | Create | Villager (Male) |
| 23:58 | Build | Farm |
| 23:58 | Build | Farm |
| 23:59 | Build | Farm |
| 24:09 | Build | Farm |
| 24:13 | Create | Villager (Male) |
| 24:13 | Create | Villager (Male) |
| 24:33 | Build | Market |
| 24:45 | Create | Villager (Male) |
| 24:59 | Build | Farm |
| 25:02 | Build | Lumber Camp |
| 25:04 | Create | Villager (Male) |
| 25:13 | Build | Farm |
| 25:21 | Create | Villager (Male) |
| 25:21 | Build | Farm |
| 25:25 | Create | Villager (Male) |
| 25:57 | Build | Watch Tower |
| 26:04 | Create | Villager (Male) |
Match timeline
| 3:50 | RedPhosphoru · wall_segment Palisade Wall x8 |
| 4:19 | RedPhosphoru · wall_segment Palisade Wall x5 |
| 7:13 | RedPhosphoru · wall_segment Palisade Wall x9 |
| 7:18 | RedPhosphoru · wall_segment Palisade Wall x1 |
| 7:18 | RedPhosphoru · wall_segment Palisade Wall x1 |
| 7:21 | RedPhosphoru · wall_segment Palisade Wall x4 |
| 7:41 | Chavah · first_building Barracks |
| 8:35 | Chavah · age_up feudal |
| 8:36 | Chavah · first_building Stable |
| 10:46 | RedPhosphoru · wall_segment Palisade Wall x1 |
| 10:48 | RedPhosphoru · wall_segment Palisade Wall x1 |
| 10:51 | RedPhosphoru · age_up feudal |
| 11:17 | RedPhosphoru · wall_segment Palisade Wall x1 |
| 11:25 | RedPhosphoru · wall_segment Palisade Wall x1 |
| 11:28 | RedPhosphoru · wall_segment Palisade Wall x3 |
| 11:33 | RedPhosphoru · wall_segment Palisade Wall x1 |
| 11:37 | RedPhosphoru · wall_segment Palisade Wall x1 |
| 12:09 | RedPhosphoru · first_market_sell 100 stone |
| 12:23 | RedPhosphoru · wall_segment Palisade Wall x1 |
| 12:27 | Chavah · wall_segment Palisade Wall x3 |
| 12:29 | Chavah · wall_segment Palisade Wall x3 |
| 12:30 | Chavah · wall_segment Palisade Wall x2 |
| 12:30 | Chavah · wall_segment Palisade Wall x1 |
| 12:31 | Chavah · wall_segment Palisade Wall x1 |
| 12:31 | Chavah · wall_segment Palisade Wall x1 |
| 12:31 | RedPhosphoru · wall_segment Palisade Wall x1 |
| 12:33 | Chavah · wall_segment Palisade Wall x1 |
| 12:33 | Chavah · wall_segment Palisade Wall x1 |
| 12:33 | Chavah · wall_segment Palisade Wall x1 |
| 12:33 | Chavah · wall_segment Palisade Wall x2 |
| 12:34 | Chavah · wall_segment Palisade Wall x1 |
| 12:34 | Chavah · wall_segment Palisade Wall x1 |
| 12:35 | RedPhosphoru · wall_segment Palisade Wall x1 |
| 12:37 | RedPhosphoru · wall_segment Palisade Wall x1 |
| 12:38 | RedPhosphoru · wall_segment Palisade Wall x1 |
| 12:39 | RedPhosphoru · wall_segment Palisade Wall x1 |
| 12:41 | RedPhosphoru · wall_segment Palisade Wall x1 |
| 12:43 | RedPhosphoru · wall_segment Palisade Wall x1 |
| 12:47 | RedPhosphoru · wall_segment Palisade Wall x1 |
| 12:49 | RedPhosphoru · wall_segment Palisade Wall x1 |
| 12:50 | RedPhosphoru · wall_segment Palisade Wall x1 |
| 12:54 | RedPhosphoru · wall_segment Palisade Wall x1 |
| 12:57 | RedPhosphoru · wall_segment Palisade Wall x1 |
| 13:03 | RedPhosphoru · wall_segment Palisade Wall x1 |
| 13:52 | RedPhosphoru · wall_segment Palisade Wall x7 |
| 14:53 | RedPhosphoru · age_up castle |
| 15:00 | RedPhosphoru · first_building Castle |
| 16:51 | RedPhosphoru · first_market_buy 100 wood |
| 17:00 | Chavah · wall_segment Stone Wall x1 |
| 17:01 | Chavah · wall_segment Stone Wall x1 |
| 17:47 | Chavah · wall_segment Stone Wall x1 |
| 17:48 | Chavah · wall_segment Stone Wall x1 |
| 18:23 | RedPhosphoru · wall_segment Palisade Wall x8 |
| 18:28 | RedPhosphoru · wall_segment Palisade Wall x5 |
| 20:13 | Chavah · age_up castle |
| 20:14 | Chavah · first_building Siege Workshop |
| 20:24 | RedPhosphoru · first_building Monastery |
| 26:49 | Chavah · wall_segment Stone Wall x1 |
| 26:50 | Chavah · wall_segment Stone Wall x1 |
| 26:50 | Chavah · wall_segment Stone Wall x1 |
| 26:51 | Chavah · wall_segment Stone Wall x1 |
| 27:44 | Chavah · first_market_buy 100 stone |
| 27:52 | Chavah · first_building Castle |
| 30:06 | Chavah · first_market_sell 100 wood |
| 33:31 | Chavah · age_up imperial |
| 38:47 | RedPhosphoru · age_up imperial |
| 39:57 | RedPhosphoru · first_building Siege Workshop |
| 40:40 | RedPhosphoru · wall_segment Stone Wall x3 |
| 43:38 | RedPhosphoru · first_building Stable |
| 43:43 | RedPhosphoru · wall_segment Stone Wall x1 |
| 45:52 | Chavah · resign |
[ AI ANALYSIS · 1 CREDIT ]
What really happened in this match?
Wolo.gg analyzes every decision: build order, eco, micro, common mistakes by bracket. Personalized analysis on WhatsApp or Discord in 30 seconds.
Civ guide
Portuguese
Perfil
Red Phosphoru